 Dungeon Crawl Stone Soup version 0.19.5 (webtiles) character file.

49 Gargoyl the Skirmisher (level 3, -3/31 HPs)
             Began as a Ghoul Abyssal Knight on Mar 24, 2017.
             Was a Follower of Lugonu.
             Slain by a sky beast (6 damage)
             ... on level 3 of the Dungeon.
             The game lasted 00:03:45 (1671 turns).

Gargoyl the Skirmisher (Ghoul Abyssal Knight)       Turns: 1671, Time: 00:03:46

Health: -3/31      AC:  8    Str: 15    XL:     3   Next: 77%
Magic:  3/3        EV:  6    Int:  7    God:    Lugonu [*.....]
Gold:   143        SH:  0    Dex:  9    Spells: 0 memorised, 2 levels left

rFire  . . .     SeeInvis .     a - +1 hand axe
rCold  + . .     Gourm    .     e - +0 chain mail
rNeg   + + +     Faith    .     (no shield)
rPois  ∞         Spirit   .     (no helmet)
rElec  .         Reflect  .     (no cloak)
rCorr  .         Harm     .     (no gloves)
MR     .....                    (no boots)
Stlth  ..........               (no amulet)
                                (no ring)
                                (no ring)

@: rotting
A: rotting body, claws 1, carnivore 3, cold resistance 1, negative energy
resistance 3, slow regeneration 1, torment resistance, unbreathing
a: Depart the Abyss, Renounce Religion


You were on level 3 of the Dungeon.
You worshipped Lugonu.
Lugonu was aware of your devotion.
You were not hungry.

You visited 1 branch of the dungeon, and saw 3 of its levels.
You visited the Abyss 1 time.

You collected 143 gold pieces.

Inventory:

Hand Weapons
 a - a +1 hand axe (weapon)
Missiles
 i - 7 tomahawks (quivered)
Armour
 e - a +0 chain mail (worn)
Scrolls
 d - a scroll of amnesia
 g - 2 scrolls of magic mapping
 h - a scroll of recharging
 j - a scroll of remove curse
Potions
 f - 2 potions of degeneration {unknown}
 k - a potion of lignification {unknown}
 l - a potion of curing {unknown}
 m - a potion of heal wounds {unknown}
 o - a potion of ambrosia {unknown}
Comestibles
 b - a chunk of flesh
 c - 2 meat rations
 n - a beef jerky
 p - a slice of pizza


   Skills:
 + Level 3.6 Fighting
 + Level 2.5 Axes
 * Level 2.4 Armour
 + Level 1.0 Dodging
 * Level 2.3 Invocations


You had 2 spell levels left.
You didn't know any spells.

Dungeon Overview and Level Annotations

Branches:
Dungeon (3/15)

Altars:


Innate Abilities, Weirdness & Mutations

Your body is rotting away.
You thrive on raw meat.
You are immune to poison.
You have sharp fingernails.
You are carnivorous and can eat meat at any time.
Your flesh is cold resistant. (rC+)
You are immune to negative energy. (rN+++)
You regenerate slowly when monsters are visible.
You are immune to unholy pain and torment.
You can survive without breathing.


Message History

Lugonu accepts your kill.
The sky beast hits you but does no damage.
You hit the sky beast but do no damage.
The sky beast flickers out of sight!
Deactivating autopickup; reactivate with Ctrl-A.
Something hits you but does no damage.
You barely miss something. Something hits you but does no damage.
You closely miss something.
Something hits you but does no damage. x2
You miss something. Something hits you. Something shocks you.
You closely miss something. Something hits you. Something shocks you.
You closely miss something.
A sky beast appears from thin air!
Reactivating autopickup.
The sky beast hits you but does no damage.
You completely miss the sky beast. The sky beast hits you.
The sky beast shocks you.
* * * LOW HITPOINT WARNING * * *
Your chain mail prevents you from hitting the sky beast.
The sky beast hits you.
* * * LOW HITPOINT WARNING * * *
The sky beast shocks you.
You die...

.....# #.#
...... .. ..
......# #%#
... .......
..#....
.....#..#....
#...........
.####(......##
.......Y.....#
..##...@%....#
#...[)$...#
#.........#
#.........#
##.......##
##.....##
#######


You could see a sky beast.

Vanquished Creatures
  A dart slug (D:1)
  A ball python (D:1)
  6 bats
  4 giant cockroaches
  7 goblins
  7 hobgoblins
  3 jackals (D:2)
  6 kobolds
  2 frilled lizards
  4 rats
41 creatures vanquished.

Notes
Turn   | Place    | Note
-------+----------+-------------------------------------------
     0 | Abyss:1  | Gargoyl the Ghoul Abyssal Knight began the quest for the Orb.
     0 | Abyss:1  | Reached XP level 1. HP: 19/19 MP: 1/1
    48 | Abyss:1  | Noticed a smoke demon
   120 | Abyss:3  | Noticed an efreet
   126 | D:1      | Escaped the Abyss
   421 | D:1      | Reached XP level 2. HP: 22/26 MP: 2/2
   537 | D:1      | Reached * piety under Lugonu
   616 | D:1      | Reached skill level 1 in Dodging
   690 | D:1      | Reached XP level 3. HP: 31/31 MP: 3/3
  1655 | D:3      | Noticed a sky beast
  1671 | D:3      | Slain by a sky beast

Skill      XL: |  1  2 |
---------------+-------+-----
Axes           | 2 |  2.5
Armour         | 2 |  2.4
Dodging        | 1 |  1.0
Fighting       | |  3.6
Invocations    | |  2.3

Action                   || total
-------------------------++-------
Melee: Hand axe          ||   154
Invok: Depart the Abyss  ||     1
  Use: Scroll            ||     6
  Eat: Chunk             ||    14
Armor: Chain mail        ||   124
Dodge: Dodged            ||    48
